 Dungeon Crawl Stone Soup version 0.23.2-1-ga50397a6bc (webtiles) character file.

Game seed: 7783172768443931614

168 Nattfarinn the Bolt Thrower (level 5, -3/32 HPs)
             Began as a Kobold Hunter on May 30, 2019.
             Slain by a hobgoblin
             ... wielding a +0 club
              (5 damage)
             ... on level 3 of the Dungeon.
             The game lasted 00:07:23 (2956 turns).

Nattfarinn the Bolt Thrower (Kobold Hunter)         Turns: 2956, Time: 00:07:24

Health: -3/32      AC:  3    Str: 10    XL:     5   Next: 77%
Magic:  5/5        EV: 22    Int: 12    God:
Gold:   133        SH:  0    Dex: 21    Spells: 4/4 levels left

rFire    . . .     SeeInvis .   b - +2 spear (freeze)
rCold    . . .     Gourm    .   (shield restricted)
rNeg     . . .     Faith    .   c - +0 leather armour
rPois    +         Spirit   .   (helmet restricted)
rElec    .         Reflect  .   (no cloak)
rCorr    .         Harm     .   (no gloves)
MR       .....                  (no boots)
Stlth    ++++......             (no amulet)
HPRegen  0.10/turn              (no ring)
MPRegen  0.09/turn              (no ring)

@: agile, lethally poisoned (-3 -> -18)
A: small, hooves 1, horns 1, blurry vision 1, carnivore, poison resistance
a: no special abilities


You were on level 3 of the Dungeon.
You were completely stuffed.

You visited 1 branch of the dungeon, and saw 3 of its levels.

You collected 133 gold pieces.

Inventory:

Hand Weapons
 a - a +1 hand crossbow
 b - a +2 spear of freezing (weapon)
 n - a +0 hunting sling
 q - a +0 short sword
Missiles
 d - 13 bolts
 h - 85 stones (quivered)
 p - 45 arrows
Armour
 c - a +0 leather armour (worn)
Scrolls
 e - 2 scrolls of remove curse {unknown}
 g - 2 scrolls of enchant armour {unknown}
 i - 4 scrolls of identify {unknown}
 k - 5 scrolls of blinking {unknown}
 m - a scroll of fog {unknown}
 r - a scroll of enchant weapon {unknown}
 s - a scroll of teleportation {unknown}
Potions
 o - a potion of lignification {unknown}
 u - a potion of degeneration {unknown}
Comestibles
 f - 2 rations
 t - 5 chunks of flesh


   Skills:
 + Level 3.4 Fighting
 + Level 5.7 Crossbows
 * Level 4.0 Dodging
 + Level 3.8 Stealth


You had 4 spell levels left.
You didn't know any spells.
Your spell library was empty.

Dungeon Overview and Level Annotations

Branches:
Dungeon (3/15)

Altars:


Innate Abilities, Weirdness & Mutations

You are small and have problems with some larger weapons.
You are carnivorous and can eat meat at any time.
You have large cloven feet.
You have a pair of small horns on your head.
Scrolls take you a little longer to read.
Your system is resistant to poisons. (rPois)


Message History

You feel sick.
You feel sick. The hobgoblin hits you with a +0 club.
* * * LOW HITPOINT WARNING * * *
* * * LOW HITPOINT WARNING * * *
You feel sick.
* * * LOW HITPOINT WARNING * * *
You feel sick.
There is a stone staircase leading up here.
It was a potion of mutation.
You feel extremely strange.
Your vision blurs.
A pair of horns grows on your head!
You feel resistant to poisons.
Your feet thicken and deform.
* * * LOW HITPOINT WARNING * * *
You feel sick. The hobgoblin closely misses you.
The goblin hits you with a +2 dagger of venom.
* * * LOW HITPOINT WARNING * * *
It was a potion of agility.
You feel agile all of a sudden.
* * * LOW HITPOINT WARNING * * *
You feel sick. The hobgoblin hits you with a +0 club.
You die...

#... .... ..<###
###....# .#
#......## .
..##.>..#..####...
..................#
#.......#.#@# ...
##...#...#.gg#
..##.
...........o#......
#.....>.o......#
#........o....##
#..........#..#
#.....†(...#....)
#....†............
#..............###


You could see 3 orcs, a hobgoblin and a goblin.

Vanquished Creatures
  Natasha (thrice) (D:1)
  3 gnolls (D:2)
  An adder (D:2)
  An ooze (D:2)
  A worm (D:2)
  2 ball pythons
  5 giant cockroaches (D:1)
  3 goblins
  6 hobgoblins
  8 jackals
  3 kobolds (D:1)
  6 bats (D:1)
  6 frilled lizards
  4 rats
52 creatures vanquished.

Notes
Turn   | Place    | Note
-------+----------+-------------------------------------------
     0 | D:1      | Nattfarinn the Kobold Hunter began the quest for the Orb.
     0 | D:1      | Reached XP level 1. HP: 12/12 MP: 1/1
    90 | D:1      | Reached XP level 2. HP: 17/18 MP: 2/2
   113 | D:1      | Reached skill level 5 in Crossbows
   464 | D:1      | Reached XP level 3. HP: 22/22 MP: 3/3
  1292 | D:2      | Noticed Natasha
  1313 | D:1      | Killed Natasha
  1313 | D:1      | Reached XP level 4. HP: 27/27 MP: 4/4
  1356 | D:1      | Noticed Natasha
  1362 | D:1      | Killed Natasha
  1606 | D:1      | Noticed Natasha
  1613 | D:1      | Killed Natasha
  1613 | D:1      | Reached XP level 5. HP: 12/32 MP: 5/5
  2955 | D:3      | Gained mutation: Scrolls take you a little longer to read.
                  | [potion of mutation]
  2955 | D:3      | Gained mutation: You have a pair of small horns on your
                  | head. [potion of mutation]
  2955 | D:3      | Gained mutation: Your system is resistant to poisons.
                  | (rPois) [potion of mutation]
  2955 | D:3      | Gained mutation: You have large cloven feet. [potion of
                  | mutation]
  2956 | D:3      | Slain by a hobgoblin

Skill      XL: |  1  2  3  4  5 |
---------------+----------------+-----
Crossbows      | 5 |  5.7
Stealth        | 2 3 |  3.8
Dodging        | 3 4 |  4.0
Fighting       | 3 |  3.4

Action                   |  1- 3 |  4- 6 || total
-------------------------+-------+-------++-------
Melee: Short sword       |    94 |     1 ||    95
       Spear             |       |    54 ||    54
 Fire: Hand crossbow     |    16 |    26 ||    42
  Use: Potion            |       |     2 ||     2
 Stab: Sleeping          |       |     2 ||     2
  Eat: Chunk             |     8 |     7 ||    15
Armor: Leather armour    |    33 |    13 ||    46
Dodge: Dodged            |   120 |    44 ||   164
